[Event "FRA-ch Youth U16 2018"]
[Site "Agen"]
[Date "2018.04.16"]
[Round "2"]
[White "Vlachos, Anatole"]
[Black "Laffonta, Matthias"]
[Result "*"]
[ECO "B06"]
[WhiteElo "2346"]
[BlackElo "1944"]
[Annotator "ChessBase"]
[PlyCount "20"]
[EventDate "2018.??.??"]
[EventType "swiss"]
[EventCountry "FRA"]
[SourceTitle "playchess.com"]
[Source "ChessBase"]
[SourceQuality "1"]
[TimeControl "5400+30"]

1. e4 g6 2. d4 Bg7 3. Nc3 d6 4. Be3 a6 5. Qd2 b5 6. O-O-O Bb7 7. f3 Nd7 8. h4 h5 9. Nh3 Ngf6 10. Ng5 c5 *

[Event "FRA-ch Youth U16 2018"]
[Site "Agen"]
[Date "2018.04.16"]
[Round "2"]
[White "Djidjeli, Sarah"]
[Black "Lagarde, Adeline"]
[Result "1-0"]
[ECO "B30"]
[WhiteElo "1903"]
[BlackElo "1621"]
[Annotator "NA RC"]
[PlyCount "59"]
[EventDate "2018.??.??"]
[EventType "swiss"]
[EventCountry "FRA"]
[SourceTitle "playchess.com"]
[Source "ChessBase"]
[SourceQuality "1"]
[TimeControl "5400+30"]

1. e4 c5 2. Nf3 Nc6 3. Bb5 e6 4. O-O Nge7 5. Nc3 a6 6. Bxc6 Nxc6 7. d4 cxd4 8. Nxd4 {[%emt 0:00:12] LiveBook: 529 Games} Be7 9. Nxc6 dxc6 10. Qg4 Bf6 {[%emt 0:04:59] B30: Sicilian: 2...Nc6 3 Bb5, lines without ...g6} 11. Qg3 (11. Rd1 Qe7 12. Be3 e5 13. Qe2 b5 14. a4 b4 15. Qc4 Qb7 16. Na2 a5 17. Nc1 O-O 18. Nb3 {½-½ (36) Safarli,E (2620)-Gagunashvili,M (2570) Tbilisi 2012}) 11... Bxc3 $146 ({Predecessor:} 11... e5 12. Be3 O-O 13. Bc5 Re8 14. Rfd1 Qc7 15. Bd6 Qb6 16. Na4 Qb5 17. b3 Be6 18. c4 {1-0 (51) Jakic,I (2404)-Novak,K (2069) Bosnjaci 2014}) 12. Qxc3 f6 13. Be3 O-O 14. Rad1 Qc7 15. Bc5 Re8 16. Bd6 Qf7 17. e5 Rd8 18. exf6 gxf6 {[%emt 0:01:31] [#]} 19. Rd3 $1 Kh8 20. Rfd1 Rg8 21. Rf3 Rg6 {[%emt 0:01:57] [#]} 22. Be5 $1 Kg7 23. Rdd3 Bd7 {[%emt 0:02:12] [#]} 24. Rxf6 $1 Rxf6 25. Rg3+ Kf8 26. Bxf6 (26. Bd6+ $142 Ke8 {[#]} 27. Rg8+ $1 Qxg8 28. Qxf6 Qg7 29. Qxg7 Kd8 30. Qg5+ Kc8 31. Qg8+ Be8 32. Qxe8#) 26... b6 27. Qd4 (27. Bh4 $142 e5 28. Qxe5 Bg4 29. Rxg4 Qg6 30. Qe7+ Kg8 31. Rxg6+ hxg6 32. Bf6 Ra7 33. Qe8+ Kh7 34. Qh8#) 27... Qe8 28. Qf4 Ra7 29. Qh6+ Kf7 30. Qg7# 1-0

[Event "FRA-ch Youth U16 2018"]
[Site "Agen"]
[Date "2018.04.16"]
[Round "2"]
[White "Conti, Anne-Marie"]
[Black "Destic, Elena"]
[Result "1-0"]
[ECO "E15"]
[WhiteElo "1865"]
[BlackElo "1549"]
[Annotator "NA RC"]
[PlyCount "57"]
[EventDate "2018.??.??"]
[EventType "swiss"]
[EventCountry "FRA"]
[SourceTitle "playchess.com"]
[Source "ChessBase"]
[SourceQuality "1"]
[TimeControl "5400+30"]

1. d4 Nf6 2. c4 e6 3. Nf3 b6 4. g3 Bb7 5. Bg2 c5 6. e3 {[%emt 0:01:32] LiveBook: 3 Games} (6. d5 $14) 6... d5 {[%emt 0:07:52] E16: Queen's Indian: 4 g3 Bb7 5 Bg2 Bb4+} (6... Be7 7. O-O O-O 8. b3 cxd4 9. exd4 d5 10. Ne5 Nc6 11. Bb2 Rc8 12. Nd2 Rc7 13. Rc1 dxc4 14. Ndxc4 Nb4 15. Bxb7 Rxb7 16. a3 Nbd5 17. b4 Qe8 18. Qb3 {0-1 (48) Tugui,A (2366)-Hansen,T (2475) Maastricht 2013}) 7. Ne5 Nbd7 8. Qa4 Bd6 9. Nxd7 Qxd7 10. Qxd7+ Nxd7 $146 ({Find the theoretical novelty and annotate with similar games:} 10... Kxd7 11. dxc5 Bxc5 12. Nc3 Kd6 13. a3 a5 14. b3 {1-0 (48) Shamsutdinova,K (1617)-Izbekova,E (1513) Sochi 2017}) 11. Nc3 cxd4 12. exd4 Bb4 13. Bd2 Bxc3 14. Bxc3 O-O 15. b3 Rac8 16. O-O Ba6 17. Bb4 Rfe8 18. Rfc1 dxc4 19. bxc4 e5 ({Of course not} 19... Bxc4 $6 20. Bb7 $16) (19... Rxc4 $11 20. Rxc4 Bxc4) 20. Bh3 Rc7 21. Bd6 Rb7 $2 ({Black should try} 21... Rxc4 $14 22. Bxd7 Rd8) 22. c5 bxc5 23. dxc5 Nb8 24. c6 Rb6 25. Bxb8 Rbxb8 26. c7 Ra8 27. Bd7 Rf8 28. Rc5 Bb7 29. Rac1 $18 1-0

[Event "FRA-ch Youth U16 2018"]
[Site "Agen"]
[Date "2018.04.16"]
[Round "2"]
[White "Andre, Victoria"]
[Black "Aubert, Estee"]
[Result "0-1"]
[ECO "B40"]
[WhiteElo "1575"]
[BlackElo "1892"]
[Annotator "NA RC"]
[PlyCount "76"]
[EventDate "2018.??.??"]
[EventType "swiss"]
[EventCountry "FRA"]
[SourceTitle "playchess.com"]
[Source "ChessBase"]
[SourceQuality "1"]
[TimeControl "5400+30"]

1. e4 c5 2. Nf3 e6 3. c3 Nf6 4. e5 Nd5 5. d4 cxd4 6. cxd4 d6 7. a3 Qc7 {[%emt 0:02:50] B22: Sicilian: 2 c3} (7... Be7 8. Bd3 O-O 9. O-O b6 10. Qc2 g6 11. Bh6 Re8 12. Nbd2 Ba6 13. Bxa6 Nxa6 14. Ne4 dxe5 15. Nxe5 Rc8 {1-0 (51) Wang,H (2709)-Harikrishna,P (2744) Huaian 2017}) 8. Bd3 Be7 9. O-O Nc6 10. Qc2 $146 (10. exd6 $14 Qxd6 11. Re1) ({Predecessor:} 10. Re1 O-O 11. Qc2 h6 12. Qe2 f5 13. exf6 Nxf6 14. Nc3 a6 15. Ne4 d5 16. Ng3 Bd6 17. b4 {½-½ (84) Nitish,B (2270)-Seo,J (2389) Stockholm 2018}) 10... dxe5 11. dxe5 Nxe5 12. Nxe5 Qxe5 13. Bd2 Bd7 14. Nc3 Rc8 15. Qb3 Bc6 16. Nb5 Bc5 17. Rac1 Bb6 18. Rfe1 Qb8 19. a4 (19. Rc4 $15) 19... O-O 20. a5 Bd8 21. Rc2 Bf6 22. Rec1 Rcd8 23. Bc4 Be5 24. h3 Bf4 25. Bxd5 Bxd5 26. Qb4 Bxd2 27. Rxd2 Rc8 28. Rdc2 Rc6 29. Nc3 $1 Bc4 ({Black should play} 29... Rfc8 $17 30. Rd1 h6) 30. Na4 Bd5 31. Nc3 Rd6 32. Nxd5 Rxd5 ({Much weaker is} 32... exd5 $6 33. Rc7 $14) 33. Rc7 {[%emt 0:00:29] [#]} b6 (33... Rd1+ $1 $15 34. Rxd1 Qxc7) 34. R1c6 (34. a6 $11) 34... Rd1+ (34... Rxa5 $17 35. Qf4 Ra1+ 36. Kh2 Rd1) 35. Kh2 Rd7 36. Qc4 $2 (36. axb6 $15 axb6 37. Qf4) 36... Rc8 37. axb6 axb6 $19 38. Rxb6 Qxc7+ 0-1

[Event "FRA-ch Youth U16 2018"]
[Site "Agen"]
[Date "2018.04.16"]
[Round "2"]
[White "Lemire, Salomee"]
[Black "Bellahcene, Meriem"]
[Result "0-1"]
[ECO "B35"]
[WhiteElo "1530"]
[BlackElo "1862"]
[Annotator "NA RC"]
[PlyCount "100"]
[EventDate "2018.??.??"]
[EventType "swiss"]
[EventCountry "FRA"]
[SourceTitle "playchess.com"]
[Source "ChessBase"]
[SourceQuality "1"]
[TimeControl "5400+30"]

1. e4 c5 2. Nf3 Nc6 3. d4 cxd4 4. Nxd4 g6 5. Nc3 Bg7 6. Be3 Nf6 7. Bc4 Qa5 8. O-O O-O 9. Bb3 {[%emt 0:09:06] LiveBook: 604 Games} d6 10. Qd2 Ng4 (10... Nxd4 $15 11. Qxd4 Ng4) 11. Nxc6 bxc6 12. Nd5 Qd8 13. Nc3 Nxe3 14. Qxe3 Qb6 {[%emt 0:06:58] B70: Sicilian Dragon: 6 g3 and 6 Be2 (without a later Be3)} (14... a5 15. f4 Rb8 16. Kh1 Ba6 17. Rfe1 c5 18. e5 c4 19. Ba4 Rxb2 20. Rad1 Bb7 21. exd6 exd6 22. Nb5 {0-1 (31) Torres,F (1974)-Kantans,T (2338) Caldas Novas 2011}) 15. Qd2 $146 ({Find the theoretical novelty and annotate with similar games:} 15. Qg3 Bb7 16. Nd1 d5 17. exd5 cxd5 18. c3 Rad8 19. Kh1 e5 20. f4 e4 21. Ne3 a5 22. f5 Qd6 23. fxg6 hxg6 24. Qf2 Qe7 25. Nc2 Qd7 26. Nd4 Ba6 27. Rfe1 {½-½ (25) Baiburin,I (2010)-Foniak,I (2032) Sterlitamak 2010}) 15... Rb8 16. Kh1 Ba6 17. Rfe1 Qd4 18. Qg5 (18. Qxd4 $142 Bxd4 19. Kg1) 18... Bf6 (18... Qxf2 $17 19. Qxe7 Be5) 19. Qa5 ({White should play} 19. Qg3 $15) 19... Qb6 20. Qxb6 Rxb6 21. Re3 e6 22. Rf3 Bg7 23. Rd1 d5 24. exd5 cxd5 25. Rd2 Rc8 26. Na4 Rbc6 27. Nc3 Bxc3 28. bxc3 Rxc3 29. Rf4 Bc4 30. Bxc4 R8xc4 31. Rxc4 Rxc4 32. g3 Kf8 33. Kg2 Ke7 34. Kf3 Rc3+ 35. Rd3 Rxc2 36. Ra3 Rc7 37. Kf4 Kf6 38. Ke3 Ke5 39. g4 $2 (39. Ra4) 39... f5 $2 (39... Rc3+ 40. Rxc3 d4+ 41. Ke2 dxc3) 40. f4+ {[%emt 0:00:24] [#]} Kd6 $1 41. g5 Rc2 42. Ra6+ (42. Rxa7 $142 Rxh2 43. a4) 42... Kc5 43. h4 d4+ 44. Kf3 Rc3+ 45. Ke2 Re3+ 46. Kd2 $19 Rh3 47. Rxa7 Rxh4 48. Ra5+ Kc4 49. Ra4+ Kd5 50. Ra5+ Ke4 0-1